 Dungeon Crawl Stone Soup version 0.20.0-4-g10b340a (webtiles) character file.

713 tv1990 the Ruffian (level 7, -3/71 HPs)
             Began as a Troll Monk on May 27, 2017.
             Killed by divine providence
             ... invoked by an orc priest
              (13 damage)
             ... on level 6 of the Dungeon.
             The game lasted 00:05:59 (2006 turns).

tv1990 the Ruffian (Troll Monk)                     Turns: 2006, Time: 00:05:59

Health: -3/71      AC:  8    Str: 22 (25) XL:     7   Next: 41%
Magic:  6/6        EV: 17    Int:  5 (6)  God:
Gold:   185        SH:  0    Dex: 18 (19) Spells: 6/6 levels left

rFire    . . .     SeeInvis .     - Unarmed
rCold    . . .     Gourm    +   (no shield)
rNeg     . . .     Faith    .   w - +0 steam dragon scales
rPois    .         Spirit   .   (helmet restricted)
rElec    .         Reflect  .   (no cloak)
rCorr    .         Harm     .   (gloves unavailable)
MR       .....                  (boots unavailable)
Stlth    +++.......             (no amulet)
Regen    0.7/turn               (no ring)
MPRegen  0.1/turn               (no ring)

@: mighty, agile, hasted, very quick
A: unfitting armour, claws 3, fast metabolism 3, gourmand, regeneration 1,
shaggy fur 1, tough skin 2
a: no special abilities


You were on level 6 of the Dungeon.
You were completely stuffed.

You visited 1 branch of the dungeon, and saw 6 of its levels.

You collected 185 gold pieces.

Inventory:

Missiles
 q - 4 large rocks (quivered)
Armour
 a - a +0 robe
 w - +0 steam dragon scales (worn)
Jewellery
 i - a cursed ring of teleportation {unknown}
Wands
 v - a wand of iceblast (5/15)
Scrolls
 m - 2 scrolls of identify {unknown}
 p - 2 scrolls of magic mapping {unknown}
 s - a scroll of teleportation {unknown}
 u - a scroll of vulnerability {unknown}
Potions
 c - a potion of might
 e - a potion of agility
 j - a potion of heal wounds {unknown}
 l - a potion of lignification {unknown}
 n - 2 potions of curing {unknown}
 o - a potion of brilliance {unknown}
 r - a potion of invisibility {unknown}
 t - a potion of resistance {unknown}
Comestibles
 b - 4 bread rations
 d - 2 meat rations
 h - 2 royal jellies
 k - 10 chunks of flesh


   Skills:
 + Level 4.5 Fighting
 + Level 4.5 Dodging
 - Level 1.0 Stealth
 + Level 5.7 Unarmed Combat


You had 6 spell levels left.
You didn't know any spells.

Dungeon Overview and Level Annotations

Branches:
Dungeon (6/15)             Temple (0/1) D:5

Altars:
Gozag
Nemelex Xobeh
Okawaru
Yredelemnul
The Shining One


Innate Abilities, Weirdness & Mutations

You are too large for most types of armour.
You have claws for hands.
Your metabolism is lightning-fast.
You like to eat raw meat.
Your natural rate of healing is unusually fast.
You are covered in fur. (AC +1)
You have very tough skin. (AC +2)


Message History

The orc hits you with a whip.
* * * LOW HITPOINT WARNING * * *
The orc misses you. x2
You claw the howler monkey zombie!
You destroy the howler monkey zombie!
You scratch the orc.
The orc is severely wounded.
The orc barely misses you. The orc completely misses you. The orc misses you.
Some of the chunks of flesh in your inventory have rotted away.
You closely miss the orc.
The orc is severely wounded.
You barely miss the orc.
The orc is severely wounded.
You feel sick.
You are no longer poisoned.
The orc closely misses you. The orc completely misses you.
The orc barely misses you.
The orc priest calls down the wrath of Beogh upon you.
Beogh smites you!
You die...

............###.#.#
#......>.....
########....##....#
#............ #.....'.^^_#
##.##....###.
#######..^^####.##....####
. ##^#^##...#......... ...
######...#.........
....#######...#.........
......oo......#....[....
.....oo@......#.........
..##..o#####+##########.
#... ##.. ..... #...
....... #§§⌠ ....... #§§.
....... ##§≈ ....... ###


You could see an orc priest and 4 orcs.

Vanquished Creatures
  2 steam dragons (D:6)
  A bullfrog (D:6)
  A howler monkey (D:6)
  A crimson imp (D:6)
  2 jellies (D:6)
  An orc wizard (D:6)
  2 worker ants
  2 howler monkey zombies (D:6)
  3 gnolls
  6 adders
  A worm (D:2)
  2 leopard geckos
  7 orcs
  3 giant cockroaches
  5 hobgoblins
  7 jackals
  A quokka (D:6)
  2 ball pythons
  2 bats
  5 frilled lizards
  8 goblins
  9 kobolds
  8 rats
  A spectral orc (D:6)
82 creatures vanquished.

Notes
Turn   | Place    | Note
-------+----------+-------------------------------------------
     0 | D:1      | tv1990 the Troll Monk began the quest for the Orb.
     0 | D:1      | Reached XP level 1. HP: 22/22 MP: 0/0
   240 | D:1      | Reached XP level 2. HP: 24/29 MP: 1/1
   597 | D:1      | Reached XP level 3. HP: 36/36 MP: 2/2
   786 | D:2      | Found a glowing golden altar of the Shining One.
   927 | D:2      | Found a sparkling altar of Nemelex Xobeh.
  1008 | D:2      | Found an iron altar of Okawaru.
  1033 | D:2      | Reached XP level 4. HP: 45/45 MP: 3/3
  1105 | D:2      | Found an opulent altar of Gozag.
  1316 | D:3      | Reached skill level 4 in Unarmed Combat
  1560 | D:4      | Reached XP level 5. HP: 45/53 MP: 4/4
  1607 | D:5      | Entered Level 5 of the Dungeon
  1609 | D:5      | Found a staircase to the Ecumenical Temple.
  1768 | D:6      | Reached XP level 6. HP: 47/62 MP: 5/5
  1788 | D:6      | Noticed a steam dragon
  1794 | D:6      | Killed a steam dragon
  1794 | D:6      | Reached skill level 5 in Unarmed Combat
  1812 | D:6      | Noticed a steam dragon
  1832 | D:6      | Killed a steam dragon
  1832 | D:6      | Reached XP level 7. HP: 61/71 MP: 6/6
  1934 | D:6      | Found a basalt altar of Yredelemnul.
  2006 | D:6      | Killed from afar by an orc priest

Skill      XL: |  1  2  3  4  5  6 |
---------------+-------------------+-----
Fighting       | 3 4 |  4.5
Dodging        | 3 4 |  4.5
Unarmed Combat | 4 5 |  5.7
Stealth        | |  1.0

Action                   |  1- 3 |  4- 6 |  7- 9 || total
-------------------------+-------+-------+-------++-------
Melee: Unarmed           |   100 |   110 |    39 ||   249
       Punch             |     3 |     5 |     1 ||     9
  Use: Scroll            |     2 |       |       ||     2
       Potion            |       |       |     4 ||     4
 Stab: Sleeping          |     1 |     1 |     1 ||     3
  Eat: Chunk             |    15 |     7 |     2 ||    24
Armor: Robe              |    41 |    28 |       ||    69
       Steam dragon scal |       |     4 |    28 ||    32
Dodge: Dodged            |    46 |    71 |    48 ||   165

Vault maps used:
D:1:      dpeg_arrival_renting
D:2:      nicolae_overflow_hidden_temple, nicolae_overflow_crystal_walls,
          lemuel_round_altar, okawaru_ov_weapons_minmay
D:3:      minmay_door_path, lemuel_doored_altar, marbit_many_paths
D:4:      nicolae_qazlal_style_of_elements
D:5:      lemuel_castle_with_subvaults, gammafunk_temple_overflow_statue,
          minmay_temple_entry_butterflies, first_bread, uniq_menkaure
D:6:      cheibrodos_steamvent, yredelemnul_forgotten_temple_becter,
          grunt_ministairs_14, brannock_xom_greatest_gift
